 Dungeon Crawl Stone Soup version 0.29.1-4-g47bece8355 (webtiles) character file.

Game seed: 15616802480604819989

23 GigaChad the Trooper (level 2, 0/28 HPs)
             Began as a Minotaur Berserker on Dec 9, 2022.
             Was a Follower of Trog.
             Slain by a frilled lizard (2 damage)
             ... on level 1 of the Dungeon.
             The game lasted 00:00:42 (858 turns).

GigaChad the Trooper (Minotaur Berserker)            Turns: 858, Time: 00:00:43

Health: 0/28       AC:  2    Str: 21    XL:     2   Next: 75%
Magic:  1/1        EV: 12    Int:  4    God:    Trog [*.....]
Gold:   42         SH:  0    Dex:  9    Spells: 1/1 levels left

rFire   . . .      SeeInvis .   a - +0 falchion
rCold   . . .      Faith    .   (no shield)
rNeg    . . .      Spirit   .   b - +0 animal skin
rPois   .          Reflect  .   (helmet restricted)
rElec   .          Harm     .   (no cloak)
rCorr   .          Rampage  .   (no gloves)
Will    .....                   (no boots)
Stlth   +.........              (no amulet)
HPRegen 0.09/turn               (no ring)
MPRegen 0.07/turn               (no ring)

@: no status effects
A: horns 2, retaliatory headbutt
a: Renounce Religion, Berserk


You were on level 1 of the Dungeon.
You worshipped Trog.
Trog was aware of your devotion.
You visited 1 branch of the dungeon, and saw 1 of its levels.

You collected 42 gold pieces.

Inventory:

Hand Weapons
 a - a +0 falchion (weapon)
Armour
 b - a +0 animal skin (worn)
Scrolls
 c - 3 scrolls of identify {unknown}
 d - a scroll of poison {unknown}
 e - a scroll of fear {unknown}
 f - a scroll of blinking {unknown}
 g - a scroll of vulnerability {unknown}


   Skills:
 + Level 4.3 Fighting
 + Level 3.8 Long Blades
 + Level 2.9 Armour
 + Level 2.4 Dodging


You had one spell level left.
You didn't know any spells.
Your spell library was empty.

Dungeon Overview and Level Annotations

Branches:
Dungeon (1/15)

Altars:


Innate Abilities, Weirdness & Mutations

You have a pair of horns on your head.
You reflexively headbutt those who attack you in melee.


Message History

You are too injured to fight recklessly!
Unknown command.
You are too injured to fight recklessly!
Unknown command.
You are too injured to fight recklessly!
You hit the jackal.
You kill the jackal!
Trog accepts your kill. The jackal bites you.
* * * LOW HITPOINT WARNING * * *
The jackal barely misses you. The frilled lizard bites you.
* * * LOW HITPOINT WARNING * * *
The jackal barely misses you.
You barely miss the frilled lizard. The jackal closely misses you.
The frilled lizard bites you.
* * * LOW HITPOINT WARNING * * *
The jackal bites you but does no damage.
The jackal bites you.
* * * LOW HITPOINT WARNING * * *
The jackal barely misses you.
The frilled lizard completely misses you.
The jackal bites you.
* * * LOW HITPOINT WARNING * * *
The jackal barely misses you. You furiously retaliate!
You headbutt the jackal.
You see here a jackal corpse.
You hit the jackal.
You kill the jackal!
Trog accepts your kill. The jackal misses you. You furiously retaliate!
You headbutt the jackal!
You kill the jackal!
Trog accepts your kill. The frilled lizard closely misses you.
You hit the endoplasm. Your headbutt misses the endoplasm.
The endoplasm is moderately wounded.
The frilled lizard barely misses you. The endoplasm misses you.
You furiously retaliate!
You headbutt the endoplasm!
You kill the endoplasm!
Trog accepts your kill. The frilled lizard bites you.
You die...

#... .#.. ##.#.
#.#.### ##.
...............
#...!..#...#.#...#
#.......#.#...#.#
#....#...#.....#
#.....#..#l†...#
###..#...###.@...#
+.....#..#..#...#..#
#....###...#.#..[#
#...#...#...#...#..
#..#.....#..#..#..
#.........#####....
#..#.....#..# #...
######...#...#...#
#.
..........###...#.#


You could see a frilled lizard.

Vanquished Creatures
  A dart slug (D:1)
  A ball python (D:1)
  An endoplasm (D:1)
  2 giant cockroaches (D:1)
  A goblin (D:1)
  7 jackals (D:1)
  A quokka (D:1)
  A frilled lizard (D:1)
  3 kobolds (D:1)
  2 rats (D:1)
20 creatures vanquished.

Notes
Turn   | Place    | Note
-------+----------+-------------------------------------------
     0 | D:1      | GigaChad the Minotaur Berserker began the quest for the
                  | Orb.
     0 | D:1      | Reached XP level 1. HP: 19/19 MP: 0/0
   283 | D:1      | Reached skill level 4 in Fighting
   464 | D:1      | Reached XP level 2. HP: 26/27 MP: 1/1
   858 | D:1      | Slain by a frilled lizard

Illustrated notes

Levels and vault maps discovered:
D:1:      dpeg_arrival_circle_labyrinth_c, layout_basic,
          ebering_ecumenical_altar_petrified, minmay_splitting_lines

Skill      XL: |  1 |
---------------+----+-----
Fighting       | 4 |  4.3
Long Blades    | |  3.8
Armour         | |  2.9
Dodging        | |  2.4

Action                   || total
-------------------------++-------
Melee: Falchion          ||    34
       Headbutt          ||     6
Armor: Animal skin       ||    10
Dodge: Dodged            ||    46
